 Dungeon Crawl Stone Soup version 0.30-a0-534-gdc55766716 (webtiles) character file.

Game seed: 17165984230984009427

533 Newt the Skirmisher (level 7, -3/43 HPs)
             Began as a Kobold Hunter on Dec 24, 2022.
             Was an Initiate of Okawaru.
             Slain by a black bear (12 damage)
             ... on level 4 of the Dungeon.
             The game lasted 00:04:37 (4285 turns).

Newt the Skirmisher (Kobold Hunter)                 Turns: 4285, Time: 00:04:38

Health: -3/43      AC:  4    Str:  8    XL:     7   Next: 49%
Magic:  7/7        EV: 19    Int: 10    God:    Okawaru [......]
Gold:   328        SH:  0    Dex: 21    Spells: 6/6 levels left

rFire   . . .      SeeInvis .    f - +0 sling
rCold   + . .      Faith    .    d - orb {mayhem}
rNeg    . . .      Spirit   .    c - +0 leather armour
rPois   .          Reflect  .    (no helmet)
rElec   .          Harm     .    (no cloak)
rCorr   .          Rampage  .    (no gloves)
Will    .....                    m - +0 pair of boots
Stlth   +++                      (no amulet)
HPRegen 0.27/turn                o - ring of protection from cold
MPRegen 0.10/turn                (no ring)

@: no status effects
A: small, no large weapons, nightstalker 3, wild magic 1, sturdy frame 1
a: Renounce Religion


You were on level 4 of the Dungeon.
You worshipped Okawaru.
Okawaru was noncommittal.
You visited 1 branch of the dungeon, and saw 4 of its levels.

You collected 328 gold pieces.

Inventory:

Hand Weapons
 a - a +0 shortbow
 f - a +0 sling (weapon)
Armour
 c - a +0 leather armour (worn)
 d - an orb of mayhem (worn)
 m - a +0 pair of boots (worn)
Jewellery
 o - a ring of protection from cold (left hand)
Scrolls
 b - a scroll of immolation
 h - a scroll of identify
 i - a scroll of summoning {unknown}
Potions
 e - 2 potions of flight
 g - a potion of magic
 j - a potion of brilliance
 k - a potion of resistance
 l - a potion of might {unknown}
 n - 2 potions of mutation


   Skills:
 - Level 4.0 Fighting
 - Level 8.0 Ranged Weapons
 + Level 6.5 Dodging
 - Level 1.3 Stealth


You had 6 spell levels left.
You didn't know any spells.
Your spell library contained the following spells:

 Spells                   Type           Power      Damage    Failure   Level
 Portal Projectile        Hex/Tloc       0%         N/A       83%         3
 Ice Form                 Ice/Tmut       0%         N/A       99%         4
 Leda's Liquefaction      Hex/Erth       0%         N/A       99%         4
 Blade Hands              Tmut           0%         N/A       100%        5
 Eringya's Noxious Bog    Tmut/Pois      0%         N/A       100%        6
 Storm Form               Tmut/Air       0%         N/A       100%        7
 Summon Small Mammal      Summ           Unusable   N/A       N/A         1
 Call Canine Familiar     Summ           Unusable   N/A       N/A         3
 Tukima's Dance           Hex            Unusable   N/A       N/A         3

Dungeon Overview and Level Annotations

Branches:
Dungeon (4/15)
 Temple: D:4-7

Altars:
Okawaru


Innate Abilities, Weirdness & Mutations

You are small and have problems with some larger weapons.
You are completely attuned to the shadows.
Your spells are a little harder to cast, but a little more powerful.
Your movements are slightly less encumbered by armour. (ER -2)


Message History

The black bear is heavily wounded.
The black bear barely misses you. x2
The black bear claws you but does no damage.
Fire: f) +0 sling
Press: ? - help, Shift-Dir - straight line, f/p - black bear
Aim: a black bear (heavily wounded, 72% to hit)
You shoot a sling bullet.
The sling bullet barely misses the black bear.
The black bear completely misses you. The black bear barely misses you.
The black bear claws you.
Fire: f) +0 sling
Press: ? - help, Shift-Dir - straight line, f/p - black bear
Aim: a black bear (heavily wounded, 72% to hit)
You shoot a sling bullet. The sling bullet hits the black bear!
The black bear is almost dead.
The black bear barely misses you. The black bear closely misses you.
The black bear claws you.
Fire: f) +0 sling
Press: ? - help, Shift-Dir - straight line, f/p - black bear
Aim: a black bear (almost dead, 72% to hit)
You shoot a sling bullet. The sling bullet hits the black bear.
The black bear is almost dead.
The black bear goes berserk!
Fire: f) +0 sling
Press: ? - help, Shift-Dir - straight line, f/p - black bear
Aim: a black bear (almost dead, berserk, 72% to hit)
You shoot a sling bullet. The sling bullet hits the black bear.
The black bear is almost dead.
The black bear bites you!
* * * LOW HITPOINT WARNING * * *
The black bear closely misses you. The black bear barely misses you.
Fire: f) +0 sling
Press: ? - help, Shift-Dir - straight line, f/p - black bear
Aim: a black bear (almost dead, berserk, 72% to hit)
You shoot a sling bullet. The sling bullet hits the black bear.
The black bear is almost dead.
The black bear bites you but does no damage.
The black bear completely misses you. The black bear misses you.
The black bear bites you!
You die...

......###..###.##................
####..####..#..###........###....
###.# ##...## ##......## ##...
### ########.#....## #.##
##...#.####### #.# . #'.8.#.# #.#
.. #...#)# ##.# #..#..h#)## ##..#
#'.8.@..## ##..## #5#...#...#
#...# #. #...#...# #..## .
#'.8.#...# ##..# ##...#...# ##.##
######### ########### ### ##.##
........###..# ###.### ##.#
.........##.## ##.....### ##.
..........#.# #........## ##


You could see a black bear (berserk).

Vanquished Creatures
  Sigmund (D:1)
  A hound (D:4)
  2 orc priests
  An iguana (D:4)
  Jessica (D:3)
  2 adders
  A white imp (D:4)
  A worm (D:2)
  2 dart slugs
  3 orcs
  3 ball pythons
  13 endoplasms
  2 giant cockroaches (D:1)
  8 goblins
  6 hobgoblins
  3 jackals (D:3)
  7 bats
  4 frilled lizards
  11 kobolds
  7 rats
79 creatures vanquished.

Vanquished Creatures (collateral kills)
  An ice beast (D:4)
  7 orcs
8 creatures vanquished.

Vanquished Creatures (others)
  A hound (D:4)
  An orc (D:4)
  11 fungi
  A plant (D:3)
  4 toadstools (D:3)
18 creatures vanquished.

Grand Total: 105 creatures vanquished

Notes
Turn   | Place    | Note
-------+----------+-------------------------------------------
     0 | D:1      | Newt the Kobold Hunter began the quest for the Orb.
     0 | D:1      | Reached XP level 1. HP: 12/12 MP: 1/1
   120 | D:1      | Reached XP level 2. HP: 17/17 MP: 2/2
   171 | D:1      | Reached skill level 6 in Ranged Weapons
   323 | D:1      | Found a faded altar of an unknown god.
   368 | D:1      | Reached XP level 3. HP: 21/21 MP: 3/3
   509 | D:1      | Got the Anthology of Transmutation and the Throng
  1127 | D:2      | Noticed Sigmund
  1281 | D:2      | Reached skill level 7 in Ranged Weapons
  1286 | D:2      | Reached XP level 4. HP: 26/26 MP: 4/4
  1736 | D:1      | Killed Sigmund
  1737 | D:1      | Reached skill level 8 in Ranged Weapons
  1737 | D:1      | Reached XP level 5. HP: 26/30 MP: 5/5
  1737 | D:1      | Reached XP level 6. HP: 31/35 MP: 6/6
  2207 | D:3      | Reached skill level 5 in Dodging
  2599 | D:3      | Noticed Jessica
  2601 | D:3      | Killed Jessica
  3221 | D:4      | Noticed an ice beast
  3232 | D:4      | Killed an ice beast
  3233 | D:4      | Reached XP level 7. HP: 27/43 MP: 7/7
  3360 | D:4      | Found an iron altar of Okawaru.
  3400 | D:4      | Became a worshipper of Warmaster Okawaru
  3701 | D:4      | Gained mutation: Your movements are slightly less
                  | encumbered by armour. (ER -2) [potion of mutation]
  3701 | D:4      | Gained mutation: Your spells are a little harder to cast,
                  | but a little more powerful. [potion of mutation]
  4285 | D:4      | Slain by a black bear

Illustrated notes

Levels and vault maps discovered:
D:1:      dpeg_arrival_pits, layout_loops_corners,
          dreamdust_ecumenical_altar_hidden_monk_grotto
D:2:      layout_rooms, uniq_sigmund
D:3:      layout_loops_cross, serial_bayou, serial_bayou_shore_b,
          serial_bayou_crossing, serial_bayou_shore_b, serial_bayou_pond_c,
          minmay_gold_behind_fungi, minmay_starry_boxes, uniq_jessica
D:4:      minmay_chambers_of_threes, layout_layer_cave, okawaru_gym_becter,
          kennysheep_little_box

Skill      XL: |  1  2  3  4  5  6  7 |
---------------+----------------------+-----
Ranged Weapons | 6 7 8 |  8.0
Dodging        | 4 5 6 |  6.5
Fighting       | 4 |  4.0
Stealth        | |  1.3

Action                   |  1- 3 |  4- 6 |  7- 9 || total
-------------------------+-------+-------+-------++-------
 Fire: Shortbow          |    73 |    27 |       ||   100
       Sling             |       |    51 |    84 ||   135
  Use: Scroll            |     4 |     5 |       ||     9
       Potion            |       |     1 |     2 ||     3
Armor: Leather armour    |     2 |     7 |    14 ||    23
       Skin              |       |       |     7 ||     7
Dodge: Dodged            |     9 |    34 |    69 ||   112

Table legend: (Time is in decaauts)
 A = Elapsed time spent in this place.
 B = Non-inter-level travel time spent in this place.
 C = Inter-level travel time spent in this place.
 D = Time resting spent in this place.
 E = Time spent auto-exploring this place.
 F = Levels seen in this place.
 G = Mean time per level.
                   A        B        C        D        E       F      G
               +--------+--------+--------+--------+--------+-----+--------+
         Total |   4324 |   4130 |    194 |    580 |   2998 |   4 | 1081.0 |
       Dungeon |   4324 |   4130 |    194 |    580 |   2998 |   4 | 1081.0 |
               +--------+--------+--------+--------+--------+-----+--------+

Top non-repeatable levels by time:
     D:1: 1422 daAuts
     D:4: 1339 daAuts
     D:3: 927 daAuts
     D:2: 636 daAuts
